 Dungeon Crawl Stone Soup version 0.28-a0-794-gafe8c5f9e9 (webtiles) character file.

Game seed: 14908520563062533661

35 kae the Caller (level 3, 0/20 HPs)
             Began as a Tengu Summoner on Nov 5, 2021.
             Slain by a quokka (3 damage)
             ... on level 1 of the Dungeon.
             The game lasted 00:01:38 (1228 turns).

kae the Caller (Tengu Summoner)                     Turns: 1228, Time: 00:01:38

Health: 0/20       AC:  2    Str:  8    XL:     3   Next: 35%
Magic:  1/7        EV: 12    Int: 16    God:
Gold:   10         SH:  0    Dex: 14    Spells: 0/6 levels left

rFire   . . .      SeeInvis .   e - +0 short sword
rCold   . . .      Faith    .   (no shield)
rNeg    . . .      Spirit   .   a - +0 robe
rPois   .          Reflect  .   (helmet restricted)
rElec   .          Harm     .   (no cloak)
rCorr   .          Rampage  .   (no gloves)
Will    .....                   (boots unavailable)
Stlth   ++........              (no amulet)
HPRegen 0.06/turn               (no ring)
MPRegen 0.10/turn               (no ring)

@: no status effects
A: beak, talons 3
a: no special abilities


You were on level 1 of the Dungeon.
You visited 1 branch of the dungeon, and saw 2 of its levels.

You collected 10 gold pieces.

Inventory:

Hand Weapons
 e - a +0 short sword (weapon)
Armour
 a - a +0 robe (worn)
Scrolls
 b - a scroll of noise {unknown}
 c - 3 scrolls of identify {unknown}
 f - a scroll of brand weapon {unknown}
Potions
 d - a potion of haste {unknown}


   Skills:
 + Level 1.0 Fighting
 + Level 2.6 Dodging
 - Level 2.0 Stealth
 + Level 2.3 Spellcasting
 * Level 5.4 Summonings


You couldn't memorise any spells.
You knew the following spells:

 Your Spells              Type           Power      Damage    Failure   Level
a - Summon Small Mammal   Summ           76%        N/A       2%          1
b - Call Imp              Summ           19%        N/A       3%          2
c - Call Canine Familiar  Summ           19%        N/A       6%          3

Your spell library contained the following spells:

 Spells                   Type           Power      Damage    Failure   Level
 Summon Guardian Golem    Hex/Summ       10%        N/A       21%         3
 Portal Projectile        Hex/Tloc       2%         N/A       52%         3
 Summon Lightning Spire   Summ/Air       10%        N/A       54%         4
 Leda's Liquefaction      Hex/Erth       0%         N/A       90%         4


Dungeon Overview and Level Annotations

Branches:
Dungeon (2/15)

Altars:


Innate Abilities, Weirdness & Mutations

You have a beak for a mouth.
You have claws for feet.


Message History

Your bat's corpse disappears in a puff of smoke!
Casting: Call Imp (safe; 3% risk of failure)
Confirm with . or Enter, or press ? or * to list all spells.
A beastly little devil appears in a puff of flame.
The ball python barely misses your crimson imp.
The ball python misses your crimson imp.
The quokka barely misses you.
The ball python closely misses your crimson imp. x2
The quokka bites you.
The ball python misses your crimson imp. x2
Your crimson imp blinks!
Casting: Call Imp (safe; 3% risk of failure)
Confirm with . or Enter, or press ? or * to list all spells.
The quokka bites you. The ball python bites your bat.
The ball python completely misses your bat.
Your bat barely misses the ball python.
The quokka bites you. x2
You are too injured to fight recklessly!
You are too injured to fight recklessly!
You are too injured to fight recklessly!
You are too injured to fight recklessly!
You are too injured to fight recklessly!
You are too injured to fight recklessly!
You hit the quokka but do no damage. You claw the quokka.
Your peck misses the quokka.
The quokka is lightly wounded.
Your bat barely misses the ball python.
The quokka bites you.
Your bat misses the ball python. The quokka bites you.
You climb upwards.
There is a stone staircase leading down here.
You hit the quokka but do no damage. Your peck misses the quokka.
The quokka is lightly wounded.
The quokka closely misses you.
You hit the quokka but do no damage. Your kick misses the quokka.
The quokka is lightly wounded.
The quokka bites you. x2
* * * LOW HITPOINT WARNING * * *
You completely miss the quokka. You claw the quokka, but do no damage.
The quokka is lightly wounded.
The quokka bites you.
You die...

.....##########......#.# #.......
.##..####.........####.###..#...#
..##......####.#### ##.##..##...#
.......#####...# #...#.......#
...##..# #.########.....###...#
....##.# #.#......#.....# #....
#.#.##.#####..........##.#######.
#...##..........r.....#.......##.
##..###.####....@.............##.
#...##.####..........###.....##.
#...##.#.............# #.....##.
###.......##..........# #.....##.
......#######.....÷..## #.....##.
###..†# #..........# #.....##.
#.#.## #..........# #.....##.
###.#..### #..........# #####..#.
#...#....# #..........# ##†##


You could see a quokka.

Vanquished Creatures
  A ball python (D:1)
  3 bats (D:1)
  3 endoplasms (D:1)
  A giant cockroach (D:1)
  A hobgoblin (D:1)
  A frilled lizard (D:1)
  2 rats (D:1)
12 creatures vanquished.

Vanquished Creatures (collateral kills)
  A gnoll (D:1)
  A dart slug (D:1)
  3 ball pythons (D:1)
  A bat (D:1)
  An endoplasm (D:1)
  A quokka (D:1)
  2 kobolds (D:1)
  A spectral kobold (D:1)
11 creatures vanquished.

Grand Total: 23 creatures vanquished

Notes
Turn   | Place    | Note
-------+----------+-------------------------------------------
     0 | D:1      | kae the Tengu Summoner began the quest for the Orb.
     0 | D:1      | Reached XP level 1. HP: 10/10 MP: 4/4
    45 | D:1      | Found a faded altar of an unknown god.
   260 | D:1      | Reached skill level 5 in Summonings
   303 | D:1      | Reached XP level 2. HP: 16/16 MP: 3/6
   306 | D:1      | Learned a level 2 spell: Call Imp
   485 | D:1      | Reached XP level 3. HP: 18/20 MP: 5/7
   489 | D:1      | Learned a level 3 spell: Call Canine Familiar
   517 | D:1      | You fall into a shaft and drop 1 floor!
   911 | D:1      | Reached skill level 1 in Fighting
  1228 | D:1      | Slain by a quokka

Illustrated notes

Levels and vault maps discovered:
D:1:      lightli_arrival_quake, layout_rooms,
          dreamdust_ecumenical_altar_drowned_temple
D:2:      layout_basic, st_stairs_4, minmay_tetromino_o4, uniq_sigmund

Skill      XL: |  1  2  3 |
---------------+----------+-----
Summonings     | 5 |  5.4
Fighting       | 1 |  1.0
Dodging        | |  2.6
Stealth        | |  2.0
Spellcasting   | |  2.3

Action                   || total
-------------------------++-------
Melee: Unarmed           ||    16
       Kick              ||    11
       Short sword       ||    20
       Peck              ||     2
 Cast: Summon Small Mamm ||    26
       Call Imp          ||     6
 Stab: Sleeping          ||     1
Armor: Robe              ||    12
Dodge: Dodged            ||    30

Table legend: (Time is in decaauts)
 A = Elapsed time spent in this place.
 B = Non-inter-level travel time spent in this place.
 C = Inter-level travel time spent in this place.
 D = Time resting spent in this place.
 E = Time spent auto-exploring this place.
 F = Levels seen in this place.
 G = Mean time per level.
                   A        B        C        D        E       F      G
               +--------+--------+--------+--------+--------+-----+--------+
         Total |   1236 |   1219 |     17 |      0 |   1002 |   2 |  618.0 |
       Dungeon |   1236 |   1219 |     17 |      0 |   1002 |   2 |  618.0 |
               +--------+--------+--------+--------+--------+-----+--------+

Top non-repeatable levels by time:
     D:1: 1204 daAuts
     D:2: 31 daAuts
